Map: Disco Bloodbath LE

Players

Nylio

  • Race: Terran Terran
  • League: Diamond
  • Spawn Location: 9:00

zuka - Winner!

  • Race: Protoss Protoss
  • League: Master
  • Spawn Location: 3:00

VOD

Have the link to the VOD?

Description

Time

  • Played on: Sept. 18, 2019, 2:55 p.m.
  • Length: 11:34
Show
View Real Time Build Order
Export as new Build Order

Nylio Terran 

Build Orders: Reaper Expand 

Get SALT Encoding   

  12  0:00  SCV  
  13  0:12  SCV  
  14  0:16  Supply Depot  
  14  0:24  SCV  
  15  0:38  SCV  
  15  0:40  Barracks  
  16  0:43  Refinery  
  16  0:50  SCV  
  17  1:02  SCV  
  18  1:14  SCV  
  19  1:30  Orbital Command  
  19  1:31  Reaper  
  20  1:45  Command Center  
  20  1:56  SCV  
  20  1:57  Supply Depot  
  21  2:04  Barracks Reactor  
  21  2:08  SCV  
  22  2:20  SCV  
  23  2:23  Bunker  
  23  2:28  Factory  
  23  2:32  SCV  
  24  2:38  Refinery  
  24  2:40  Marine  
  24  2:41  Marine  
  26  2:45  SCV  
  27  2:57  Orbital Command, SCV  
  28  2:58  Marine x2  
  30  3:09  SCV  
  31  3:16  Marine  
  32  3:20  Widow Mine  
  32  3:21  Starport, SCV  
  32  3:23  SCV  
  36  3:30  Supply Depot  
  36  3:33  SCV  
  37  3:35  SCV  
  37  3:40  Marine  
  38  3:41  Widow Mine  
  38  3:45  SCV  
  38  3:47  SCV  
  42  3:53  Supply Depot  
  42  3:57  SCV  
  42  4:00  SCV  
  41  4:03  Widow Mine  
  41  4:13  Marine  
  40  4:22  SCV x2  
  40  4:23  Medivac  
  44  4:28  Barracks  
  44  4:33  Factory Tech Lab, Marine x2  
  44  4:34  SCV x2  
  48  4:40  Barracks  
  48  4:46  SCV x2  
  48  4:48  Engineering Bay  
  50  4:55  Starport Tech Lab, Marine  
  50  4:56  Marine  
  50  4:58  SCV x2  
  54  5:07  Factory Reactor  
  54  5:10  SCV x2  
  54  5:13  Marine x2  
  58  5:14  Terran Infantry Weapons Level 1  
  58  5:15  Refinery  
  58  5:17  Supply Depot  
  58  5:18  Supply Depot  
  58  5:22  SCV x2  
  58  5:25  Marine  
  58  5:26  Marine  
  58  5:27  Medivac  
  55  5:31  Marine x2  
  55  5:34  SCV  
  55  5:35  SCV  
  33  5:43  Marine  
  33  5:44  Marine  
  33  5:46  SCV  
  33  5:49  Marine x2  
  35  5:52  Widow Mine  
  35  5:53  Widow Mine  
  38  6:01  Marine  
  38  6:02  SCV x2  
  41  6:10  Marine  
  42  6:14  SCV x2  
  44  6:26  SCV x2  
  44  6:29  Marine x3  
  49  6:38  SCV x2  
  46  6:46  Marine  
  46  6:47  Marine  
  47  6:50  SCV x2  
  47  6:53  Marine  
  47  6:54  Marauder  
  53  6:55  Starport Reactor  
  53  7:03  SCV x2  
  53  7:05  Refinery  
  55  7:15  SCV x2  
  56  7:17  Widow Mine  
  56  7:18  Widow Mine, Marauder x2, Marine x2  
  66  7:27  SCV x2  
  68  7:35  Marine  
  69  7:38  Terran Infantry Armor Level 1  
  69  7:39  Marauder, SCV x2  
  69  7:40  Marauder  
  75  7:46  Marine  
  75  7:50  Widow Mine  
  78  7:57  Supply Depot  
  78  8:00  Supply Depot  
  78  8:19  Marauder, SCV x2  
  81  8:27  Combat Shield, Stimpack  
  81  8:31  SCV x2  
  83  8:39  Supply Depot  
  78  8:41  Marine  
  78  8:42  Marauder x2, Marine  
  78  8:43  Medivac x2, SCV x2  
  78  8:44  Widow Mine  
  92  8:55  SCV x2  
  94  9:00  Command Center, Marine x2  
  96  9:05  Supply Depot  
  96  9:07  SCV x2  
  98  9:11  Marauder x2  
  102  9:26  Marine x2  
  102  9:27  SCV x2  
  102  9:30  Supply Depot  
  106  9:31  Supply Depot  
  106  9:32  Marauder, Marine  
  109  9:44  Marine  
  110  9:52  Widow Mine, Marauder, Medivac x2  
  118  9:53  Widow Mine, Marine x2  
  118  9:55  Supply Depot  
  118  9:57  Supply Depot  
  122  10:02  Marine  
  122  10:05  Barracks, SCV  
  122  10:06  SCV  
  125  10:07  Barracks  
  125  10:10  Marine  
  125  10:12  Marauder  
  125  10:14  Marauder  
  130  10:15  Orbital Command  
  130  10:18  SCV x2  
  130  10:20  Marine  
  121  10:28  Marine  
  121  10:30  SCV x2  
  121  10:31  Widow Mine x2  
  121  10:34  Marauder  
  121  10:35  Marauder  
  132  10:38  Refinery, Marine  
  132  10:39  Refinery  
  132  10:42  SCV x2  
  135  10:46  Marine  
  136  10:50  Medivac  
  136  10:53  SCV  
  136  10:54  Marine, SCV  
  136  10:55  Marine  
  136  10:56  Marauder  
  136  10:57  Barracks Reactor x2  
  144  10:58  Widow Mine  
  144  10:59  Widow Mine  
  144  11:03  Ghost Academy  
  148  11:04  Marine  
  147  11:12  Supply Depot  
  147  11:13  Marauder  
Show
View Real Time Build Order
Export as new Build Order

zuka Protoss - Winner!

Build Orders: 1 Gate Expand, Oracle Opening 

Get SALT Encoding   

  12  0:01  Probe  
  13  0:13  Probe  
  14  0:17  Pylon  
  14  0:25  Probe (Chrono Boost)  
  16  0:37  Probe (Chrono Boost)  
  16  0:39  Gateway  
  16  0:42  Probe (Chrono Boost)  
  16  0:47  Assimilator  
  17  0:52  Probe  
  18  1:04  Probe  
  19  1:16  Probe  
  20  1:27  Nexus  
  20  1:38  Cybernetics Core  
  21  1:40  Probe  
  21  1:45  Assimilator  
  21  1:52  Probe  
  22  1:55  Pylon  
  22  2:04  Probe (Chrono Boost)  
  23  2:12  Adept (Chrono Boost)  
  26  2:16  Probe (Chrono Boost)  
  26  2:21  Stargate  
  26  2:25  Probe (Chrono Boost)  
  27  2:30  Warp Gate  
  27  2:35  Adept  
  27  2:36  Probe  
  30  2:39  Probe  
  31  2:49  Probe  
  31  2:51  Probe  
  33  3:01  Probe  
  33  3:02  Oracle (Chrono Boost)  
  33  3:03  Probe  
  38  3:05  Assimilator  
  38  3:08  Adept  
  40  3:13  Probe  
  40  3:17  Probe  
  42  3:24  Pylon  
  42  3:25  Probe  
  43  3:36  Oracle  
  46  3:41  Gateway  
  46  3:42  Gateway  
  46  3:46  Probe  
  46  3:47  Adept  
  49  3:49  Probe  
  50  4:15  Oracle (Chrono Boost)  
  52  4:20  Pylon  
  53  4:25  Pylon  
  53  4:31  Probe  
  53  4:34  Nexus  
  53  4:36  Pylon  
  55  4:38  Probe, Adept x2  
  55  4:40  Adept  
  55  4:43  Probe  
  62  4:52  Pylon  
  63  4:56  Robotics Facility  
  63  4:58  Twilight Council  
  62  5:04  Probe x2  
  64  5:16  Probe x2  
  60  5:29  Probe x2  
  60  5:30  Zealot x3  
  60  5:31  Charge (Chrono Boost)  
  60  5:34  Gateway  
  60  5:35  Gateway  
  66  5:41  Probe  
  67  5:54  Probe x2  
  69  6:02  Pylon, Zealot x3  
  69  6:04  Observer (Chrono Boost), Pylon  
  76  6:06  Probe x2  
  76  6:07  Assimilator  
  76  6:11  Robotics Bay  
  78  6:13  Pylon  
  78  6:17  Probe  
  78  6:18  Probe x2  
  81  6:23  Forge  
  81  6:26  Forge  
  81  6:29  Probe  
  81  6:30  Probe x2  
  84  6:41  Probe, Zealot x3  
  84  6:42  Probe  
  92  6:50  Immortal (Chrono Boost)  
  92  6:54  Protoss Ground Armor Level 1 (Chrono Boost), Probe, Protoss Ground Weapons Level 1 (Chrono Boost)  
  96  6:56  Assimilator  
  96  7:00  Assimilator  
  97  7:05  Probe x2  
  97  7:06  Templar Archives  
  99  7:15  Probe  
  94  7:17  Probe x2, Extended Thermal Lance (Chrono Boost)  
  96  7:23  Colossus (Chrono Boost)  
  96  7:27  Probe  
  96  7:29  Probe x2  
  105  7:39  Probe  
  105  7:41  Probe x2  
  105  7:42  Blink (Chrono Boost)  
  108  7:45  Psionic Storm  
  108  7:47  Zealot x4  
  116  7:53  High Templar  
  118  8:03  Nexus  
  118  8:06  Pylon  
  118  8:07  Colossus (Chrono Boost)  
  124  8:14  Pylon  
  124  8:16  Pylon  
  122  8:20  Zealot x2  
  120  8:27  Zealot x2  
  120  8:28  Zealot  
  125  8:44  Stalker x2  
  125  8:45  Protoss Ground Armor Level 2 (Chrono Boost)  
  125  8:48  Gateway  
  129  8:49  Gateway  
  129  8:50  Stalker x2  
  129  8:53  Photon Cannon  
  129  8:54  Protoss Ground Weapons Level 2 (Chrono Boost), Stalker  
  135  9:07  Assimilator  
  135  9:10  Assimilator  
  135  9:13  Colossus (Chrono Boost)  
  141  9:21  High Templar x2  
  141  9:22  High Templar  
  147  9:32  Stalker x2  
  151  9:40  Gateway  
  151  9:41  Pylon  
  151  9:43  Pylon  
  151  9:46  Zealot x2  
  155  9:55  Probe x3  
  155  9:56  Warp Prism (Chrono Boost), Probe  
  159  10:06  Gateway  
  161  10:07  Gateway, Probe x3  
  161  10:08  Gateway, High Templar x2  
  161  10:09  High Templar x2  
  161  10:10  Gateway  
  161  10:11  Zealot  
  161  10:12  Archon  
  161  10:13  Archon  
  174  10:16  Dark Shrine  
  174  10:18  Pylon  
  174  10:30  Immortal (Chrono Boost)  
  178  10:51  Zealot x5  
  182  11:17  Zealot x8  
  182  11:18  Zealot x4  
  186  11:25  Archon  
Tags
 
Add a new tag
Caveats
  • Supply blocks, unpowered buildings, or Contaminate may cause inaccurate times.
  • Supply counts are checked every 10 seconds.